 Dungeon Crawl Stone Soup version 0.29.0-4-gdea44cf6ec (webtiles) character file.

Game seed: 15815665860397499955

22 qw the Firebug (level 2, -1/23 HPs)
             Began as a Ghoul Fire Elementalist on Aug 29, 2022.
             Slain by Terence
             ... wielding a +0 short sword
              (2 damage)
             ... on level 2 of the Dungeon.
             The game lasted 00:01:02 (1594 turns).

qw the Firebug (Ghoul Fire Elementalist)            Turns: 1594, Time: 00:01:03

Health: -1/23      AC:  5    Str: 11    XL:     2   Next: 91%
Magic:  3/3        EV: 10    Int: 10    God:
Gold:   67         SH:  0    Dex:  9    Spells: 3/4 levels left

rFire   . . .      SeeInvis .     - Unarmed
rCold   + . .      Faith    .   (no shield)
rNeg    + + +      Spirit   .   d - +0 ring mail
rPois   inf        Reflect  .   (no helmet)
rElec   .          Harm     .   (no cloak)
rCorr   +          Rampage  .   (no gloves)
Will    .....                   (no boots)
Stlth   +.........              i - amulet of the acrobat
HPRegen 0.00/turn               l - ring of resist corrosion
MPRegen 0.08/turn               (no ring)

@: inhibited regen
A: claws 1, cold resistance 1, negative energy resistance 3, inhibited
regeneration, torment resistance 2, devour on kill
a: no special abilities


You were on level 2 of the Dungeon.
You visited 1 branch of the dungeon, and saw 2 of its levels.

You collected 67 gold pieces.


Innate Abilities, Weirdness & Mutations

You are immune to poison.
You have sharp fingernails.
Your flesh is cold resistant. (rC+)
You are immune to negative energy. (rN+++)
You do not regenerate when monsters are visible.
You are immune to unholy pain and torment.
You thrive by killing the living.


   Skills:
 - Level 1.0 Fighting
 - Level 1.7 Dodging
 - Level 2.1 Stealth
 + Level 2.3 Unarmed Combat
 - Level 1.7 Spellcasting
 - Level 0.7 Conjurations
 - Level 2.4 Fire Magic


You had 3 spell levels left.
You knew the following spells:

 Your Spells              Type           Power      Damage    Failure   Level
a - Foxfire               Conj/Fire      16%        2x1d4     38%         1

Your spell library contained the following spells:

 Spells                   Type           Power      Damage    Failure   Level
 Scorch                   Fire           10%        2d5       41%         2
 Conjure Flame            Conj/Fire      4%         6-21      77%         3
 Inner Flame              Hex/Fire       3%         N/A       82%         3
 Flame Wave               Conj/Fire      4%         2d5       99%         4

Inventory:

Missiles
 b - 2 boomerangs (quivered)
Armour
 a - a +0 chain mail
 d - a +0 ring mail (worn)
Jewellery
 i - an amulet of the acrobat (around neck)
 l - a ring of resist corrosion (left claw)
Potions
 c - a potion of invisibility {unknown}
 f - a potion of resistance {unknown}
 g - a potion of heal wounds {unknown}

Dungeon Overview and Level Annotations

Branches:
Dungeon (2/15)

Altars:

Annotations:
D:2 Terence


Message History

Terence hits you with a +0 short sword.
You barely miss Terence. Terence closely misses you.
You scratch Terence but do no damage. Terence closely misses you.
You scratch Terence but do no damage. You scratch Terence but do no damage.
Terence hits you with a +0 short sword.
You scratch Terence but do no damage. Terence hits you with a +0 short sword.
You scratch Terence but do no damage. Terence hits you but does no damage.
You closely miss Terence. Terence barely misses you.
You scratch Terence but do no damage. Terence barely misses you.
You barely miss Terence. Terence hits you with a +0 short sword.
You scratch Terence.
Terence is lightly wounded.
Terence closely misses you.
You scratch Terence but do no damage.
Terence is lightly wounded.
Terence hits you with a +0 short sword.
You scratch Terence but do no damage.
Terence is lightly wounded.
Terence hits you with a +0 short sword.
You closely miss Terence.
Terence is lightly wounded.
Terence barely misses you.
You scratch Terence but do no damage.
Terence is lightly wounded.
Terence hits you with a +0 short sword.
You scratch Terence but do no damage. You claw Terence, but do no damage.
Terence is lightly wounded.
Terence hits you with a +0 short sword.
You scratch Terence.
Terence is lightly wounded.
Terence hits you with a +0 short sword.
You die...

#...#.#.#..#..#.#
..##..(##.[#..#.#.# #
#..#..#..#..#.#.#
##...##.##..#.#.# # .
#.#.#.........#.#.#
....####.######.#.#.#
###.............#...
#..#.########.#@######
##... ........@.......
###. .#####)#########
#. #> #. #. #. #. #.
#. #. #.


You could see Terence.

Vanquished Creatures
  A worm (D:2)
  An orc (D:2)
  5 ball pythons
  3 bats
  An endoplasm (D:1)
  A giant cockroach (D:1)
  A hobgoblin (D:1)
  A quokka (D:1)
  4 frilled lizards
  A rat (D:2)
19 creatures vanquished.

Notes
Turn   | Place    | Note
-------+----------+-------------------------------------------
     0 | D:1      | qw the Ghoul Fire Elementalist began the quest for the Orb.
     0 | D:1      | Reached XP level 1. HP: 14/14 MP: 2/2
     0 | D:1      | 0 ||| qw: Version: 0.1-a-90-g952f4b7
     0 | D:1      | 0 ||| qw: Game counter: 3915
     0 | D:1      | 0 ||| qw: Always use a shield: true
     0 | D:1      | 0 ||| qw: God list: Okawaru
     0 | D:1      | 0 ||| qw: Allow faded altars: false
     0 | D:1      | 0 ||| qw: Do Orc after D:15 true
     0 | D:1      | 0 ||| qw: Do second Lair branch before Depths: true
     0 | D:1      | 0 ||| qw: Lair rune preference: random
     0 | D:1      | 0 ||| qw: Plans: Normal
     0 | D:1      | 0 ||| PLANNING D:1-11
   302 | D:1      | 302 ||| Stepping ~*~*~tactically~*~*~ (stealth).
   303 | D:1      | 303 ||| Stepping ~*~*~tactically~*~*~ (stealth).
   322 | D:1      | Reached skill level 1 in Unarmed Combat
   528 | D:1      | 528 ||| Stepping ~*~*~tactically~*~*~ (stealth).
   531 | D:1      | 531 ||| Stepping ~*~*~tactically~*~*~ (stealth).
   536 | D:1      | Reached skill level 1 in Fighting
   536 | D:1      | Reached XP level 2. HP: 20/23 MP: 3/3
  1107 | D:1      | 1107 ||| UPGRADING to +0 ring mail.
  1117 | D:1      | 1117 ||| DROPPING +0 robe.
  1118 | D:1      | 1118 ||| UPGRADING to amulet of the acrobat.
  1123 | D:1      | 1123 ||| UPGRADING to ring of resist corrosion.
  1124 | D:1      | 1124 ||| READING scroll labelled PACWUF FU FINLE.
  1125 | D:1      | 1125 ||| READING scroll labelled ASANEN KOIL.
  1126 | D:1      | 1126 ||| READING scroll labelled TOGHAEHONG.
  1127 | D:1      | 1127 ||| READING scroll labelled UCUAVA YDIDD.
  1131 | D:1      | 1131 ||| READING scroll labelled LUVUBLU CIONNI.
  1132 | D:1      | 1132 ||| DROPPING potion of magic.
  1182 | D:2      | 1182 ||| STAIRDANCE
  1232 | D:2      | 1232 ||| STAIRDANCE
  1423 | D:2      | Noticed a great orb of eyes
  1426 | D:2      | Found a faded altar of an unknown god.
  1454 | D:2      | 1454 ||| Stepping ~*~*~tactically~*~*~ (stealth).
  1456 | D:2      | 1456 ||| Stepping ~*~*~tactically~*~*~ (stealth).
  1489 | D:2      | 1489 ||| Stepping ~*~*~tactically~*~*~ (stealth).
  1521 | D:2      | 1521 ||| Stepping ~*~*~tactically~*~*~ (stealth).
  1525 | D:2      | 1525 ||| Stepping ~*~*~tactically~*~*~ (outnumbered).
  1526 | D:2      | 1526 ||| Stepping ~*~*~tactically~*~*~ (outnumbered).
  1576 | D:2      | Noticed Terence
  1592 | D:2      | HP: 4/23 [Terence/+0 short sword (2)]
  1593 | D:2      | HP: 1/23 [Terence/+0 short sword (3)]
  1594 | D:2      | Slain by Terence

Levels and vault maps discovered:
D:1:      doesnt_arrival_eight_statues, layout_loops_ring,
          minmay_strange_pillars
D:2:      layout_basic, hellmonk_ecumenical_altar_watching_god,
          minmay_hexomino_f4, uniq_terence

Skill      XL: |  1  2 |
---------------+-------+-----
Unarmed Combat | 1 2 |  2.3
Fighting       | 1 |  1.0
Dodging        | |  1.7
Stealth        | |  2.1
Spellcasting   | |  1.7
Conjurations   | |  0.7
Fire Magic     | |  2.4

Action                   || total
-------------------------++-------
Melee: Unarmed           ||   102
       Punch             ||     1
Throw: Boomerang         ||     2
  Use: Scroll            ||     5
Armor: Robe              ||     8
       Ring mail         ||    20
Dodge: Dodged            ||    65

Table legend:
 A = Non-vault XP
 B = Vault XP
 C = Vault XP percentage of total XP
 D = Non-vault monster count
 E = Vault monster count
 F = Vault count percentage of total count
                 A         B        C        D         E       F
            +---------+---------+-------+---------+---------+-------
      Total |      27 |       5 |  15.6 |      15 |       4 |  21.1
            +---------+---------+-------+---------+---------+-------
        D:1 |      17 |       0 |   0.0 |      11 |       0 |   0.0
        D:2 |      10 |       5 |  33.3 |       4 |       4 |  50.0
            +---------+---------+-------+---------+---------+-------
